 Dungeon Crawl Stone Soup version 0.30-b1-2-g02819fbbbe (webtiles) character file.

Game seed: 10770223125396420258

784 Metae the Covered (level 7, -2/63 HPs)
             Began as a Minotaur Fighter on June 15, 2023.
             Killed by nerve-wracking pain
             ... invoked by an orc priest
              (13 damage)
             ... on level 4 of the Dungeon.
             The game lasted 00:08:39 (2937 turns).

Metae the Covered (Minotaur Fighter)                Turns: 2937, Time: 00:08:40

Health: -2/63      AC:  9    Str: 23    XL:     7   Next: 55%
Magic:  6/6        EV:  9    Int:  5    God:
Gold:   201        SH:  5    Dex:  9    Spells: 6/6 levels left

rFire   . . .        a - +0 flail
rCold   . . .        c - +0 buckler
rNeg    . . .        b - +0 scale mail
rPois   .            (helmet restricted)
rElec   .            (no cloak)
rCorr   .            u - +1 Delatra's gloves {ID++}
SInv    .            (no boots)
Will    .....        (no amulet) Stlth
                     (no ring)
HPRegen 0.30/turn    (no ring)
MPRegen 0.10/turn

%: no passive effects
@: no status effects
A: horns 2, retaliatory headbutt
a: no special abilities


You were on level 4 of the Dungeon.
You visited 1 branch of the dungeon, and saw 4 of its levels.

You collected 201 gold pieces.

Inventory:

Hand Weapons
 a - a +0 flail (weapon)
 o - a +0 arbalest
Missiles
 d - 2 boomerangs
 g - 15 poisoned darts (quivered)
 p - 23 stones
 s - a throwing net
Armour
 b - a +0 scale mail (worn)
 c - a +0 buckler (worn)
 u - the +1 Delatra's gloves (worn) {ID++}
   (You found it on level 3 of the Dungeon)

   ID++:      It heals its wearer when they drink unknown potions, and restores
   their MP when they read unknown scrolls.
Jewellery
 q - a ring of magical power
Scrolls
 f - a scroll of immolation
 i - a scroll of identify
 k - 2 scrolls of teleportation
 n - a scroll of fog
 r - a scroll of enchant armour {unknown}
 t - 2 scrolls of fear {unknown}
Potions
 e - a potion of invisibility
 h - a potion of haste {unknown}
 j - a potion of flight {unknown}
 l - 2 potions of mutation {unknown}
 m - a potion of curing {unknown}


   Skills:
 + Level 6.2 Fighting
 + Level 5.5 Maces & Flails
 + Level 6.2 Armour
 + Level 6.2 Shields


You had 6 spell levels left.
You didn't know any spells.
Your spell library was empty.

Dungeon Overview and Level Annotations

Branches:
Dungeon (4/15)             Temple (0/1) D:4

Altars:
Qazlal


Innate Abilities, Weirdness & Mutations

You have a pair of horns on your head.
You reflexively headbutt those who attack you in melee.


Message History

The orc warrior hits you with a +0 scimitar.
You barely miss the orc warrior.
The orc warrior is severely wounded.
The orc warrior hits you but does no damage.
You barely miss the orc warrior.
The orc warrior is severely wounded.
The orc warrior hits you with a +0 scimitar!
You hit the orc warrior.
The orc warrior is almost dead.
The orc warrior hits you with a +0 scimitar!
You closely miss the orc warrior. You headbutt the orc warrior.
You kill the orc warrior!
Something hits you but does no damage.
You sock something!
Reactivating autopickup.
You feel a bit more experienced.
The orc priest calls down the wrath of Beogh upon you.
Beogh smites you!
* * * LOW HITPOINT WARNING * * *
You hit the orc.
You kill the orc!
Something hits you but does no damage.
Deactivating autopickup; reactivate with Ctrl-A.
Items here: ))) [[[ †.
You closely miss something. Something hits you but does no damage.
You sock something!
Reactivating autopickup.
You feel a bit more experienced.
You sock the endoplasm!
You kill the endoplasm!
The orc priest invokes the aid of Beogh against you.
Beogh smites you!
* * * LOW HITPOINT WARNING * * *
You see here a +0 club.
You hit the orc priest. Your headbutt misses the orc priest.
The orc priest is heavily wounded.
The orc priest barely misses you.
The orc priest mumbles some strange prayers to Beogh against you.
Pain shoots through your body!
You die...

#### #.# #..... .. ...#
#.#######...... .
##.####.#..>.....##.#
.#
..........†.....###.##.
).....................
#########.#.#######..#
# ###.# #..####.# #
##.#######....>.o.
#######
#.....)@o...####.o
......# #..#######..#
#####.# #..# #..# # #.#
#..# #..# # #.# #.†#
#..# #.# #..# #... #.#
#..# ...<. #.# #...
...## #.# #.###


You could see an orc priest.

Vanquished Creatures
  Sigmund (D:3)
  Menkaure (D:4)
  An orc warrior (D:4)
  A sky beast (D:3)
  A scorpion (D:4)
  An iguana (D:4)
  An orc wizard (D:4)
  6 adders
  7 gnolls (D:3)
  3 dart slugs
  9 orcs
  10 endoplasms
  10 giant cockroaches
  6 goblins
  A hobgoblin (D:2)
  2 quokkas
  9 ball pythons
  6 bats
  4 frilled lizards (D:1)
  4 kobolds
  5 rats
89 creatures vanquished.

Notes
Turn   | Place    | Note
-------+----------+-------------------------------------------
     0 | D:1      | Metae the Minotaur Fighter began the quest for the Orb.
     0 | D:1      | Reached XP level 1. HP: 19/19 MP: 0/0
   236 | D:1      | Reached XP level 2. HP: 27/27 MP: 1/1
   553 | D:1      | Reached XP level 3. HP: 33/33 MP: 2/2
  1230 | D:2      | Found a faded altar of an unknown god.
  1235 | D:2      | Reached XP level 4. HP: 41/41 MP: 3/3
  1579 | D:3      | Found a stormy altar of Qazlal.
  1579 | D:3      | Noticed a sky beast
  1592 | D:3      | HP: 1/41 [something (6)]
  1596 | D:3      | Killed a sky beast
  1597 | D:3      | Reached XP level 5. HP: 2/47 MP: 4/4
  2025 | D:3      | Reached skill level 5 in Shields
  2029 | D:3      | Reached skill level 5 in Armour
  2033 | D:3      | Reached skill level 5 in Fighting
  2120 | D:3      | Reached XP level 6. HP: 47/56 MP: 5/5
  2271 | D:3      | Found the +1 Delatra's gloves {ID++}
  2381 | D:3      | Noticed Sigmund
  2402 | D:3      | Killed Sigmund
  2804 | D:4      | Found a staircase to the Ecumenical Temple.
  2805 | D:4      | Noticed Menkaure
  2809 | D:4      | Killed Menkaure
  2810 | D:4      | Reached skill level 5 in Maces & Flails
  2810 | D:4      | Reached XP level 7. HP: 59/62 MP: 6/6
  2937 | D:4      | Killed from afar by an orc priest

Illustrated notes

Levels and vault maps discovered:
D:1:      ebering_trefoil_twist, layout_basic
D:2:      layout_basic, shapermc_ecumenical_altar_totnotflames,
          minmay_worlds_worst_comb
D:3:      layout_loops_ring, nicolae_qazlal_beasts_of_the_sky, uniq_sigmund
D:4:      layout_loops_ring, nicolae_gozag_cash_rules_everything_around_me,
          minmay_temple_entry_overgrown, uniq_menkaure

Skill      XL: |  1  2  3  4  5  6  7 |
---------------+----------------------+-----
Fighting       | 4 5 6 |  6.2
Armour         | 4 5 6 |  6.2
Shields        | 4 5 6 |  6.2
Maces & Flails | 3 4 5 |  5.5

Action                     |  1- 3 |  4- 6 |  7- 9 || total
---------------------------+-------+-------+-------++-------
  Melee: Flail             |    75 |   122 |    32 ||   229
         Headbutt          |     6 |    15 |     5 ||    26
  Throw: Dart              |       |     2 |       ||     2
    Use: Scroll            |       |     3 |       ||     3
         Potion            |       |     1 |       ||     1
 Armour: Scale mail        |    40 |    62 |    11 ||   113
  Dodge: Dodged            |    43 |    51 |     5 ||    99
  Block: Buckler           |    16 |    24 |    10 ||    50
